 Dungeon Crawl Stone Soup version 0.18-b1-10-g3f7de93 (webtiles) character file.

718 TwoDaemon the Insei (level 7, -3/55 HPs)
             Began as a Vampire Monk on Apr 29, 2016.
             Was a Believer of Ru.
             Slain by a killer bee (7 damage)
             ... on level 7 of the Dungeon.
             The game lasted 00:44:22 (5000 turns).

TwoDaemon the Insei (Vampire Monk)                  Turns: 5000, Time: 00:44:23

Health: -3/55      AC:  4    Str: 11    XL:     7   Next: 42%
Magic:  0/7        EV: 16    Int: 12    God:    Ru [**....]
Gold:   372        SH:  0    Dex: 18    Spells: 0 memorised, 6 levels left

rFire  . . .     SeeInvis +       - Unarmed
rCold  . . .     Gourm    .     k - +1 robe
rNeg   + . .     Faith    .     (no shield)
rPois  .         Spirit   +     b - +1 hat
rElec  .         Dismiss  .     (no cloak)
rCorr  .         Reflect  .     (no gloves)
SustAt .         Harm     .     (no boots)
MR     .....                    n - amulet of guardian spirit
Stlth  ..........               t - ring of wizardry
                                f - ring of see invisible

@: lethally poisoned (-3 -> -20), no potions, not resistant to hostile
enchantments, extremely unstealthy
A: fangs 3, see invisible, unbreathing, inability to drink while threatened, no
stealth
a: Bat Form, Renounce Religion


You were on level 7 of the Dungeon.
You worshipped Ru.
Ru was pleased with you.
You were not thirsty.

You visited 2 branches of the dungeon, and saw 8 of its levels.

You collected 372 gold pieces.

Inventory:

Hand Weapons
 h - a +1 dagger of draining
 l - a +1 hunting sling of flaming
 o - a cursed -3 falchion
Missiles
 m - 189 stones (quivered)
Armour
 a - a +0 robe
 b - a +1 hat (worn)
 k - a +1 robe (worn)
Jewellery
 f - a ring of see invisible (left hand)
 n - an amulet of guardian spirit (around neck)
 t - a ring of wizardry (right hand)
Wands
 i - a wand of teleportation (7/9)
 v - a wand of paralysis (5/24)
Scrolls
 d - 5 scrolls of identify
 e - 2 scrolls of teleportation
 j - a scroll of fear
 p - 3 scrolls of remove curse
 u - 2 scrolls of enchant weapon
Potions
 c - 2 potions of cure mutation {unknown}
 g - 2 potions of resistance {unknown}
 q - 2 potions of ambrosia {unknown}
 r - a potion of lignification {unknown}
 s - 2 potions of agility {unknown}


   Skills:
 + Level 4.5 Fighting
 + Level 0.5 Slings
 + Level 6.2 Dodging
 + Level 6.7 Unarmed Combat


You had 6 spell levels left.
You didn't know any spells.

Dungeon Overview and Level Annotations

Branches:
Dungeon (7/15)             Temple (1/1) D:5

Altars:
Dithmenos
Makhleb
Pakellas
Ru
Trog
Xom
The Shining One


Innate Abilities, Weirdness & Mutations

You have razor-sharp teeth.
You have supernaturally acute eyesight.
You can survive without breathing.
You cannot drink potions while threatened.
You cannot be stealthy.


Message History

The killer bee is moderately wounded.
* * * LOW HITPOINT WARNING * * *
You feel sick. The killer bee completely misses you. The killer bee misses you.
The killer bee completely misses you. x2
Evoke which item? (* to show all) (? for menu, Esc to quit)
You have no means to grasp a wand firmly enough.
Okay, then.
Your transformation has ended.
Your +1 hat unmelds from your body.
Your +1 robe unmelds from your body.
Your ring of see invisible unmelds from your body.
Your ring of wizardry unmelds from your body.
* * * LOW HITPOINT WARNING * * *
You feel sick. The killer bee stings you.
* * * LOW HITPOINT WARNING * * *
You are more poisoned.
The killer bee poisons you! The killer bee misses you. x2
The killer bee closely misses you.
The killer bee is stunned by your will and fails to attack.
The killer bee stings you!
You die...

########+ #......y.
#........ #..y†....
#....yy.. ##'####+#
###+#########.####.#
#yy@#.<..y.........#
#.yy#...†..........#
#.oo##..###...###..#
#..o##y.###...# .#
#........#...... .
#...y....#.......
##..##..##......#.
#####.?##....###
..o..


You could see an orc warrior, 5 killer bees and 2 orcs.

Vanquished Creatures
  2 ogres
  A scorpion (D:5)
  A crimson imp (D:4)
  A giant frog zombie (D:6)
  Jessica (D:3)
  An iguana (D:6)
  A worker ant (D:7)
  2 orc wizards
  A howler monkey zombie (D:6)
  7 gnolls
  7 adders
  A shadow imp (D:5)
  An ooze (D:5)
  An adder zombie (D:5)
  An adder skeleton (D:5)
  3 dart slugs
  8 giant geckos
  15 orcs
  10 bats
  4 giant cockroaches
  9 goblins
  6 hobgoblins
  8 jackals
  5 quokkas
  13 giant newts
  4 kobolds
  9 rats
123 creatures vanquished.

Vanquished Creatures (others)
  An adder (D:7)
1 creature vanquished.

Grand Total: 124 creatures vanquished

Notes
Turn   | Place    | Note
--------------------------------------------------------------
     0 | D:1      | TwoDaemon the Vampire Monk began the quest for the Orb.
     0 | D:1      | Reached XP level 1. HP: 17/17 MP: 1/1
   170 | D:1      | Reached XP level 2. HP: 21/23 MP: 2/2
   606 | D:2      | Reached XP level 3. HP: 27/29 MP: 3/3
   883 | D:2      | Reached skill level 5 in Unarmed Combat
  1054 | D:2      | Reached XP level 4. HP: 35/35 MP: 4/4
  1481 | D:2      | Found a bloodstained altar of Trog.
  1492 | D:2      | Found a sacrificial altar of Ru.
  1540 | D:2      | Became a worshipper of Ru the Awakened
  1548 | D:2      | Gained mutation: You cannot be stealthy. [Ru sacrifice]
  1724 | D:3      | Reached XP level 5. HP: 23/41 MP: 3/5
  1989 | D:3      | Noticed Jessica
  1994 | D:3      | Killed Jessica
  2748 | D:4      | Noticed an ogre
  2762 | D:4      | Killed an ogre
  2762 | D:4      | Reached skill level 5 in Dodging
  2762 | D:4      | Reached XP level 6. HP: 37/48 MP: 4/6
  3350 | D:4      | You fall through a shaft!
  3350 | D:5      | Entered Level 5 of the Dungeon
  3594 | D:5      | Gained mutation: You cannot drink potions while threatened. [Ru sacrifice]
  3594 | D:5      | Reached * piety under Ru
  3594 | D:5      | Reached ** piety under Ru
  3757 | D:5      | Found a staircase to the Ecumenical Temple.
  4202 | D:5      | Reached XP level 7. HP: 47/55 MP: 5/7
  4329 | Temple   | Entered the Ecumenical Temple
  5000 | D:7      | Slain by a killer bee

Skill      XL: |  1  2  3  4  5  6  7 |
---------------+----------------------+-----
Fighting       | 3 4 |  4.5
Stealth        | 4 0 |  0.0
Unarmed Combat | 5 6 |  6.7
Dodging        | 4 5 6 |  6.2
Slings         | |  0.5

Action                   |  1- 3 |  4- 6 |  7- 9 || total
-------------------------+-------+-------+-------++-------
Melee: Unarmed           |    65 |   304 |    92 ||   461
       Bite              |     6 |    26 |    15 ||    47
       Punch             |     1 |    11 |     1 ||    13
 Fire: Hunting sling     |     5 |       |       ||     5
Invok: Sacrifice Stealth |       |     1 |       ||     1
       Sacrifice Drink   |       |     1 |       ||     1
 Abil: End Transformatio |       |       |     1 ||     1
       Bat Form          |       |       |     1 ||     1
  Use: Scroll            |     7 |     8 |     1 ||    16
       Potion            |       |     1 |       ||     1
 Stab: Sleeping          |     6 |       |       ||     6
       Distracted        |       |     1 |       ||     1
  Eat: Corpse            |     9 |     5 |     5 ||    19
Armor: Robe              |     8 |    26 |    18 ||    52
Dodge: Dodged            |    35 |   198 |    99 ||   332
